Map: [ESL] Alcyone

Players

Cure - Winner!

  • Race: Terran Terran
  • Spawn Location: 1:00

ByuN

  • Race: Terran Terran
  • Spawn Location: 7:00

VOD

Have the link to the VOD?

Description

Time

  • Played on: June 13, 2024, 5:45 a.m.
  • Length: 35:04
Show
View Real Time Build Order
Export as new Build Order

Cure Terran - Winner!

Build Orders: Cyclone Opening, Reaper Expand 

Get SALT Encoding   

  12  0:00  SCV  
  13  0:12  SCV  
  14  0:17  Supply Depot  
  14  0:24  SCV  
  15  0:38  SCV  
  15  0:40  Barracks  
  15  0:42  Refinery  
  16  0:50  SCV  
  17  1:03  SCV  
  18  1:15  SCV  
  19  1:27  Orbital Command, Reaper  
  20  1:37  Command Center  
  20  1:48  Supply Depot  
  20  1:52  SCV  
  21  1:59  Marine  
  22  2:04  SCV  
  22  2:07  Factory  
  23  2:12  Refinery  
  23  2:17  Marine, SCV  
  23  2:21  Bunker  
  25  2:29  SCV  
  26  2:35  Marine  
  27  2:41  SCV  
  28  2:50  Orbital Command  
  28  2:52  Marine, Cyclone  
  28  2:53  SCV  
  32  2:59  Starport  
  32  3:05  SCV  
  33  3:08  Refinery  
  33  3:11  Barracks Reactor  
  33  3:16  SCV  
  33  3:17  SCV  
  35  3:23  Supply Depot  
  35  3:25  Cyclone  
  37  3:29  SCV x2  
  39  3:39  Medivac  
  42  3:41  SCV x2  
  42  3:46  Supply Depot  
  43  3:53  SCV x2  
  45  3:57  Factory Tech Lab  
  45  4:01  Command Center  
  45  4:05  SCV x2  
  45  4:09  Marine x2  
  49  4:10  Starport Tech Lab  
  49  4:14  Supply Depot  
  49  4:17  SCV  
  49  4:18  SCV  
  49  4:22  Siege Tank  
  54  4:26  Supply Depot  
  54  4:30  Raven  
  54  4:31  SCV  
  57  4:32  SCV  
  57  4:34  Interference Matrix  
  57  4:36  Marine  
  57  4:37  Marine  
  60  4:43  SCV  
  60  4:44  SCV  
  62  4:49  Barracks  
  62  4:50  Barracks  
  62  4:55  SCV  
  62  4:56  SCV  
  62  4:57  Siege Tank  
  62  4:59  Marine x2  
  69  5:04  Raven  
  71  5:07  SCV  
  71  5:08  SCV  
  73  5:15  Refinery  
  73  5:16  Engineering Bay  
  73  5:17  Engineering Bay  
  73  5:18  Orbital Command  
  73  5:23  SCV x2  
  73  5:25  Marine  
  73  5:26  Marine  
  77  5:31  Siege Tank  
  77  5:35  SCV x2  
  78  5:52  Marine x2  
  78  5:53  Barracks Reactor, Terran Infantry Weapons Level 1  
  78  5:54  Terran Infantry Armor Level 1  
  80  5:58  Barracks, Starport Reactor  
  80  5:59  Barracks  
  80  6:04  Orbital Command  
  80  6:05  Marine, Stimpack  
  80  6:06  Missile Turret  
  80  6:09  Missile Turret  
  80  6:10  Siege Tank  
  84  6:14  SCV  
  84  6:17  Supply Depot  
  85  6:21  Supply Depot  
  85  6:31  Supply Depot x2  
  85  6:39  Marine x3, SCV x3  
  91  6:41  Marine x2  
  91  6:42  Medivac x2  
  97  6:48  Barracks Reactor x2  
  97  6:49  Supply Depot  
  97  6:51  SCV x2  
  97  6:52  SCV  
  100  6:58  Armory  
  100  7:01  Supply Depot  
  100  7:02  Marine x5  
  100  7:03  SCV x2  
  100  7:04  SCV  
  108  7:09  Refinery  
  108  7:10  Refinery  
  108  7:11  Siege Tank  
  108  7:12  Medivac  
  108  7:15  SCV  
  114  7:18  SCV x2  
  114  7:19  Supply Depot  
  114  7:20  Marine x2  
  114  7:21  Marine x3  
  121  7:26  Marine x4  
  121  7:27  SCV  
  126  7:40  Marine  
  128  7:44  SCV x3, Supply Depot  
  128  7:45  Combat Shield, Supply Depot  
  128  7:50  Missile Turret  
  130  7:53  Marine x3  
  130  7:55  Terran Infantry Weapons Level 2  
  133  7:58  Sensor Tower  
  133  7:59  Terran Infantry Armor Level 2  
  133  8:06  Marine x6, Siege Tank  
  133  8:10  SCV  
  133  8:11  Marine x3, SCV x2  
  148  8:23  Marine  
  149  8:29  Marine  
  149  8:31  Marine  
  149  8:32  Marine  
  149  8:38  Marine x2  
  149  8:39  Marine x2, SCV x3  
  149  8:40  Marine  
  143  8:41  Marine  
  143  8:47  Marine  
  144  8:48  Marine  
  144  8:50  Marine  
  144  8:55  Terran Vehicle Weapons Level 1  
  145  8:56  Marine x2  
  145  8:57  Marine x2, Command Center  
  145  8:58  Supply Depot x2  
  149  9:03  Refinery  
  149  9:05  Supply Depot  
  149  9:11  Factory  
  149  9:16  Marine x2, SCV  
  149  9:17  Marine x5, SCV  
  149  9:18  SCV, Siege Tank  
  149  9:20  Barracks Reactor  
  149  9:21  Marine  
  145  9:27  Medivac x2  
  145  9:29  SCV x2  
  145  9:30  SCV  
  152  9:33  Marine  
  152  9:34  Marine x2  
  152  9:35  Marine x4  
  159  9:38  Marine  
  159  9:41  SCV x2  
  159  9:42  SCV  
  163  9:51  Marine  
  163  9:52  Marine x3  
  165  9:53  Marine x3, SCV x2  
  165  9:56  Marine  
  173  10:09  Marine x2, Siege Tank x2  
  173  10:10  Marine x3  
  173  10:12  Terran Infantry Weapons Level 3  
  184  10:16  Marine x4  
  184  10:17  Terran Infantry Armor Level 3  
  188  10:35  Barracks x2  
  188  10:40  Barracks  
  186  10:44  Marine x2  
  186  10:48  Supply Depot  
  186  10:49  Marine x4  
  190  10:57  Terran Vehicle Weapons Level 2  
  190  11:00  Planetary Fortress  
  190  11:07  Missile Turret  
  190  11:08  Missile Turret  
  190  11:09  Missile Turret  
  190  11:13  Sensor Tower  
  190  11:23  Siege Tank x2  
  190  11:24  Marine x4  
  200  11:26  Marine  
  199  11:34  Barracks Reactor x3  
  194  11:47  Command Center  
  194  11:48  Marine x2  
  194  11:49  Marine x2  
  194  11:51  Marine x4  
  161  11:54  Medivac x2  
  161  11:56  Marine x2  
  161  11:58  Siege Tank x2  
  161  11:59  SCV x3  
  161  12:00  SCV  
  169  12:06  Marine x4  
  173  12:09  Marine x6  
  173  12:10  Marine x4  
  173  12:14  Marine x2  
  185  12:24  Marine x4  
  185  12:27  Marine x8  
  185  12:28  Marine x2  
  199  12:32  Marine  
  200  12:42  Marine x4  
  200  12:48  Marine x6  
  173  12:52  Marine x6  
  173  12:53  Siege Tank  
  174  12:58  Neosteel Armor  
  174  12:59  Hi-Sec Auto Tracking  
  174  13:00  Marine x4  
  178  13:06  Marine x4  
  178  13:11  Marine x4  
  177  13:13  Marine x4  
  177  13:14  Medivac x2, Siege Tank  
  177  13:15  Planetary Fortress  
  177  13:17  Marine x2  
  185  13:21  Terran Vehicle Weapons Level 3  
  185  13:22  Marine x2  
  185  13:24  Marine x2  
  185  13:25  Siege Tank  
  192  13:34  Marine x6  
  194  13:37  Marine  
  194  13:39  Command Center  
  170  13:42  Marine x5  
  170  13:45  Medivac x2  
  174  13:50  Siege Tank  
  174  13:53  Marine x4  
  178  14:03  Marine x6  
  178  14:07  Marine x4  
  188  14:12  Marine x4  
  188  14:14  Siege Tank  
  195  14:25  Marine x6  
  195  14:28  Marine  
  195  14:29  Marine x3  
  195  14:31  Medivac x2  
  197  14:42  Siege Tank  
  197  14:44  Marine x2  
  197  14:45  Marine x2  
  196  14:46  Siege Tank  
  196  14:51  Marine  
  199  15:06  Marine x4  
  184  15:07  Marine x2  
  184  15:08  Marine x4  
  184  15:13  Medivac x2  
  191  15:14  Siege Tank  
  191  15:17  Marine x4  
  191  15:18  Siege Tank  
  192  15:24  Marine x4  
  187  15:29  Marine x6  
  178  15:42  Marine x6  
  178  15:43  Medivac x2  
  178  15:46  Siege Tank  
  178  15:49  Planetary Fortress  
  183  15:54  Siege Tank  
  183  15:55  Marine x4  
  188  16:07  Marine x4  
  186  16:18  Siege Tank  
  186  16:21  Terran Vehicle And Ship Armor Level 1  
  186  16:22  Marine x2  
  186  16:23  Marine x6  
  186  16:25  Marine x3  
  200  16:29  SCV  
  200  16:30  SCV x3  
  200  16:32  Marine x5  
  186  16:40  Marine  
  186  16:45  Medivac, Siege Tank  
  186  16:46  Marine x4  
  188  16:51  Siege Tank  
  192  16:54  SCV x3  
  192  16:55  SCV x2  
  196  17:08  Marine x4  
  200  17:17  Sensor Tower  
  200  17:23  Orbital Command  
  200  17:28  Starport  
  200  17:29  Starport  
  200  17:31  Command Center  
  200  17:35  Refinery  
  200  17:36  Refinery  
  200  17:37  Command Center  
  200  17:40  Refinery  
  200  17:47  Refinery  
  200  17:48  Refinery  
  200  18:03  Refinery  
  200  18:04  Refinery  
  200  18:05  Command Center  
  200  18:06  Starport Tech Lab x2, Command Center  
  200  18:10  Starport  
  196  18:32  Siege Tank  
  196  18:33  Viking x2, Siege Tank  
  189  18:35  Marine x4  
  181  18:41  SCV x2  
  181  18:42  SCV  
  181  18:43  Sensor Tower  
  184  18:52  Raven  
  183  18:57  Viking  
  185  19:03  Viking  
  185  19:04  Orbital Command  
  185  19:07  Orbital Command  
  185  19:09  Missile Turret  
  187  19:11  Viking, Missile Turret  
  187  19:22  Starport Tech Lab  
  187  19:24  Terran Ship Weapons Level 1  
  187  19:26  Armory  
  187  19:27  Raven, Viking  
  191  19:33  Viking  
  186  19:41  Viking  
  186  19:45  Viking  
  187  19:50  Siege Tank x2  
  190  19:58  Raven  
  192  20:01  Viking  
  192  20:07  Viking  
  196  20:11  Viking  
  196  20:12  Missile Turret  
  195  20:14  Missile Turret  
  195  20:15  Raven  
  195  20:20  Command Center  
  197  20:28  Orbital Command  
  197  20:29  Orbital Command  
  197  20:31  Raven  
  197  20:32  Barracks x2  
  197  20:35  Barracks  
  194  20:57  Raven x2  
  188  21:09  Raven  
  184  21:15  Marine x6  
  190  21:23  Viking x2  
  191  21:31  Raven x2  
  190  21:44  Raven  
  190  21:46  Terran Ship Weapons Level 2  
  186  21:49  Terran Vehicle And Ship Armor Level 2  
  186  21:52  Barracks Tech Lab  
  186  21:53  Barracks Reactor x2, Viking x2  
  183  21:54  Barracks Reactor  
  174  22:03  Marine x4  
  174  22:07  Marine x4  
  167  22:09  Marine x6, Sensor Tower  
  167  22:10  Marine x2, Siege Tank  
  167  22:11  Raven x2, Siege Tank  
  185  22:18  Raven  
  185  22:21  Marine x4  
  191  22:23  Viking  
  191  22:24  Marine x2  
  195  22:34  Planetary Fortress, Unknown  
  195  22:44  Command Center  
  195  22:45  Raven x2  
  199  22:55  Siege Tank  
  196  23:10  Marine x4  
  187  23:12  Marine x2  
  187  23:13  Marine x4  
  193  23:20  Marine x6  
  193  23:23  Marine x2  
  193  23:24  Marine x4  
  194  23:28  Marine x4  
  189  23:39  Marine x4  
  178  23:42  Medivac  
  178  23:43  Medivac x2  
  162  23:51  SCV x4  
  162  23:53  SCV x3  
  162  23:54  Marine x8  
  176  23:56  Siege Tank  
  176  23:57  Siege Tank, Sensor Tower  
  176  23:58  Raven x2  
  186  24:08  Marine x6  
  192  24:17  Missile Turret  
  192  24:23  Marine x6  
  198  24:40  Marine x4  
  190  24:54  Marine x10  
  189  25:02  Barracks Reactor  
  189  25:04  Marine x8  
  182  25:07  Orbital Command  
  182  25:11  Marine x3  
  182  25:12  Marine x3, Siege Tank x2  
  185  25:18  Marine x5  
  187  25:21  Marine  
  187  25:23  Marine x2  
  187  25:24  Marine x5  
  187  25:27  SCV x5  
  200  25:34  Raven x3  
  194  25:42  SCV x3  
  197  25:53  Siege Tank  
  198  26:01  Terran Vehicle And Ship Armor Level 3, Terran Ship Weapons Level 3  
  198  26:08  Raven  
  189  26:28  Marine x10  
  189  26:30  Siege Tank x2  
  189  26:32  Raven x2, Marine x2  
  167  26:33  Marine x6  
  167  26:34  Marine x3  
  167  26:42  Raven  
  167  26:45  Marine x4  
  167  26:46  Marine x6  
  169  26:50  Marine x4, Orbital Command  
  169  26:51  Marine x4  
  169  26:52  Marine x3  
  177  27:02  Siege Tank x2  
  177  27:03  Marine x6  
  177  27:05  Marine x4  
  193  27:08  Marine x4  
  193  27:11  Marine x3  
  188  27:23  Raven x2  
  192  27:32  Marine x4  
  192  27:34  Siege Tank  
  192  27:50  Marine x4  
  179  27:55  Marine x4, Siege Tank  
  179  27:56  Marine x5  
  191  28:00  Marine x2  
  191  28:01  Marine x6  
  198  28:11  Marine x4  
  196  28:18  Marine x2, Siege Tank  
  196  28:19  Marine  
  200  28:22  Sensor Tower  
  200  28:54  SCV  
  198  28:56  SCV x2  
  193  29:06  Siege Tank x2  
  199  29:14  SCV  
  178  29:36  Marine x6  
  178  29:37  Marine x6  
  173  29:42  Siege Tank x2  
  173  29:44  Marine x4  
  167  29:49  SCV x3  
  167  29:51  SCV x2  
  169  29:59  Marine x4, Raven  
  175  30:00  Marine x4  
  175  30:02  Medivac x2  
  175  30:03  Marine x6  
  175  30:06  Marine x6  
  192  30:14  Siege Tank x2  
  198  30:21  Marine x2  
  198  30:25  Raven x2  
  192  30:33  Raven  
  194  30:40  Marine x2  
  194  30:41  Marine x2  
  184  30:46  Marine x6  
  176  30:57  Marine  
  176  30:59  Raven x2  
  181  31:08  Raven  
  183  31:18  Marine x6  
  154  31:29  Marine x2  
  154  31:32  Marine  
  155  31:33  Raven  
  155  31:34  Raven  
  155  31:36  Marine x2  
  161  31:40  Marine x2  
  161  31:42  Raven  
  165  31:53  Marine x3  
  172  32:06  Marine x4  
  172  32:08  Raven x2  
  177  32:09  Marine x3  
  177  32:10  Marine  
  177  32:12  Marine  
  167  32:16  Raven  
  166  32:28  Marine x2  
  166  32:29  Marine x2  
  159  32:32  Siege Tank  
  160  32:39  Marine x2  
  160  32:40  Marine x2  
  163  32:44  Marine x2  
  163  32:45  Marine x4  
  167  33:01  Marine x5  
  167  33:04  Siege Tank  
  175  33:12  Marine x2  
  175  33:23  Marine x3  
  168  33:31  Marine x2  
  168  33:33  Orbital Command  
  160  33:47  Marine x4  
  152  34:09  Siege Tank  
  155  34:12  Marine x4  
  158  34:22  Marine x6  
  143  34:24  Marine x3  
  143  34:29  Marine x3  
  143  34:31  Marine  
  137  34:36  Marine x2  
Show
View Real Time Build Order
Export as new Build Order

ByuN Terran 

Build Orders:  

Get SALT Encoding   

  12  0:00  SCV  
  13  0:12  SCV  
  14  0:17  Supply Depot  
  14  0:24  SCV  
  15  0:39  SCV, Barracks  
  15  0:42  Refinery  
  16  0:51  SCV  
  16  0:52  Refinery  
  17  1:03  SCV  
  18  1:15  SCV  
  19  1:26  Reaper  
  19  1:27  Orbital Command  
  20  1:33  Supply Depot  
  20  1:39  Factory  
  20  1:53  SCV  
  21  1:58  Barracks Reactor  
  21  2:05  SCV  
  22  2:17  Command Center  
  22  2:19  SCV  
  23  2:23  Hellion  
  25  2:31  SCV  
  25  2:33  Supply Depot  
  25  2:36  Reaper x2  
  28  2:43  SCV  
  29  2:46  Hellion  
  31  2:53  Barracks  
  31  2:55  SCV  
  32  3:07  Marine x2, SCV  
  32  3:11  Cyclone  
  37  3:19  SCV  
  38  3:29  Orbital Command  
  38  3:31  Marine x2, SCV  
  41  3:40  Barracks Tech Lab  
  41  3:43  Factory Reactor, Starport  
  41  3:44  SCV  
  42  3:55  SCV  
  43  3:56  SCV  
  43  3:58  Marine x3  
  43  4:00  Stimpack  
  47  4:07  SCV, Supply Depot  
  47  4:08  SCV  
  49  4:16  Marine x3, Supply Depot  
  52  4:19  SCV  
  52  4:22  SCV  
  54  4:28  Medivac x2  
  58  4:34  Marine x2, SCV x2  
  58  4:38  Marine  
  63  4:39  Factory Tech Lab  
  63  4:40  Supply Depot  
  63  4:46  SCV x2  
  63  4:51  Marine x2  
  67  4:56  Marine  
  67  4:58  SCV  
  67  4:59  SCV  
  70  5:02  Siege Tank  
  70  5:03  Supply Depot  
  73  5:08  Command Center  
  73  5:12  SCV x2  
  75  5:15  Marine x3  
  75  5:20  Refinery  
  78  5:23  Refinery, Starport Reactor  
  78  5:31  SCV, Engineering Bay  
  78  5:32  SCV  
  78  5:33  Engineering Bay  
  78  5:47  SCV  
  76  5:51  Marine x3  
  76  5:52  Combat Shield, Siege Tank  
  82  5:57  SCV  
  82  5:58  Terran Infantry Weapons Level 1  
  82  5:59  SCV, Terran Infantry Armor Level 1  
  82  6:00  Barracks  
  84  6:11  SCV x2  
  84  6:12  Barracks  
  84  6:14  Barracks  
  86  6:20  Marine x3, Medivac x2  
  86  6:23  SCV  
  86  6:24  SCV  
  95  6:33  Siege Tank  
  95  6:35  SCV  
  95  6:36  SCV  
  95  6:37  Orbital Command  
  101  6:40  Supply Depot  
  101  6:44  Supply Depot  
  101  6:46  Supply Depot  
  101  6:51  SCV  
  101  6:57  Armory  
  101  7:00  Barracks Reactor x2  
  101  7:02  Marine x4, SCV  
  101  7:03  SCV  
  101  7:04  Marine  
  101  7:07  SCV  
  109  7:09  Supply Depot  
  109  7:10  Supply Depot  
  109  7:12  Siege Tank  
  109  7:14  SCV  
  109  7:15  SCV  
  113  7:19  SCV, Medivac  
  113  7:20  Marine x3, Medivac  
  121  7:26  SCV  
  121  7:27  SCV  
  123  7:31  SCV  
  120  7:38  SCV  
  120  7:39  SCV  
  120  7:41  Marine x2  
  120  7:43  Marine x6, SCV  
  130  7:48  Terran Vehicle Weapons Level 1  
  130  7:50  SCV, Siege Tank  
  134  7:51  SCV  
  134  7:55  Supply Depot  
  134  7:56  Refinery x2  
  134  7:58  Terran Infantry Armor Level 2  
  138  8:00  Marine x2  
  138  8:01  Marine  
  138  8:02  Terran Infantry Weapons Level 2  
  138  8:08  SCV x3  
  138  8:09  Supply Depot  
  138  8:10  Supply Depot  
  141  8:17  Marine  
  141  8:18  Marine  
  141  8:19  Marine  
  133  8:20  Marine  
  133  8:21  Marine x3  
  133  8:22  Marine x2  
  133  8:25  Siege Tank  
  141  8:35  Marine  
  141  8:36  Marine  
  141  8:37  Marine x2  
  141  8:39  Marine x3, Command Center  
  141  8:40  Marine  
  136  8:46  Marine  
  129  8:52  Marine, Viking x2  
  129  8:54  Marine  
  129  8:55  Marine x2  
  130  8:57  Marine x2  
  130  9:00  Marine x2  
  136  9:04  Barracks x3  
  136  9:05  SCV x3  
  139  9:11  Sensor Tower  
  139  9:15  Marine  
  137  9:17  SCV  
  137  9:18  Marine x5  
  137  9:19  Marine x3  
  136  9:29  Viking x2  
  140  9:32  Marine  
  140  9:36  Marine x2  
  140  9:38  Marine x2  
  143  9:39  Marine x3  
  143  9:41  Siege Tank  
  152  9:51  Factory  
  151  9:57  SCV x3  
  151  9:58  Marine  
  155  10:01  Barracks Reactor  
  155  10:05  Marine x3  
  155  10:06  Barracks Reactor x2  
  153  10:07  Marine  
  153  10:09  Marine x2  
  153  10:10  Command Center  
  153  10:14  Marine  
  153  10:16  Marine x2  
  153  10:21  Terran Infantry Weapons Level 3, Terran Infantry Armor Level 3  
  155  10:28  SCV x3  
  155  10:31  Supply Depot  
  155  10:32  Supply Depot  
  155  10:33  Marine x3, Supply Depot  
  155  10:35  Marine  
  161  10:42  Marine  
  161  10:43  Marine x2, Barracks Reactor  
  163  10:51  Marine  
  163  10:52  Marine  
  163  10:53  Marine x3  
  163  10:54  Siege Tank, Supply Depot  
  163  10:56  Siege Tank  
  174  10:58  Supply Depot  
  174  11:00  Marine x4  
  178  11:17  Marine x8  
  186  11:25  Marine  
  186  11:26  Marine x4, Siege Tank  
  186  11:28  Siege Tank  
  186  11:31  Marine  
  197  11:34  Marine  
  197  11:36  Marine x2  
  200  11:40  Command Center  
  199  11:51  Marine  
  160  11:54  Marine  
  160  11:55  Marine  
  160  11:56  Marine x3  
  160  11:58  Medivac, Siege Tank  
  160  11:59  Marine x7  
  160  12:00  Marine x2  
  160  12:01  Marine, Siege Tank  
  180  12:08  Marine, SCV  
  180  12:09  SCV x2  
  180  12:12  Marine  
  180  12:13  Marine x2  
  180  12:14  Marine  
  180  12:15  Marine  
  189  12:16  Marine  
  189  12:17  Marine x2  
  189  12:18  Marine x3  
  189  12:19  Marine x4  
  199  12:26  Marine  
  190  12:51  Marine, Siege Tank x2  
  190  12:54  Planetary Fortress  
  190  13:02  Marine  
  190  13:03  Marine x9  
  190  13:16  Marine, Terran Vehicle Weapons Level 2  
  190  13:19  Planetary Fortress  
  191  13:23  Siege Tank x2  
  191  13:25  Refinery  
  191  13:39  Marine x8  
  191  13:40  Marine x4  
  161  13:41  Marine x3  
  161  13:42  Marine  
  161  13:47  SCV x2  
  161  13:48  SCV x2  
  165  13:55  Siege Tank x2  
  171  13:57  Marine x9  
  171  13:58  Marine x2  
  171  13:59  Marine x3  
  171  14:01  Marine  
  184  14:05  Marine  
  185  14:13  SCV x2  
  185  14:14  Marine  
  185  14:15  Marine x9  
  197  14:21  Marine  
  191  14:25  SCV  
  191  14:26  Sensor Tower  
  191  14:27  Siege Tank x2  
  191  14:28  Marine  
  191  14:29  Marine x3  
  183  14:38  Marine  
  183  14:39  Marine  
  183  14:44  Marine  
  183  14:45  Marine x4  
  187  14:46  Marine x3  
  187  14:47  Marine x2  
  187  14:48  Medivac  
  187  14:49  Medivac  
  195  14:56  Marine  
  195  14:59  Marine, Siege Tank  
  200  15:00  Marine  
  189  15:08  Marine x4  
  189  15:11  Marine x9  
  199  15:14  Marine  
  199  15:18  Missile Turret x2  
  199  15:20  Command Center  
  191  15:21  Marine  
  191  15:22  Marine  
  191  15:24  Siege Tank  
  191  15:25  Marine, Medivac  
  191  15:26  Marine x3  
  200  15:33  Marine  
  200  15:38  Marine  
  200  15:41  Marine  
  193  15:44  Medivac  
  193  15:45  Marine x12  
  193  15:46  Marine  
  194  15:51  Marine  
  194  15:56  Marine  
  196  16:01  Marine  
  196  16:03  Marine, Medivac  
  200  16:05  Command Center  
  200  16:10  Command Center  
  200  16:13  Sensor Tower  
  200  16:17  Siege Tank  
  199  16:32  Marine  
  185  16:34  Marine  
  185  16:39  Marine x3  
  182  16:41  Medivac x2  
  182  16:42  Marine x2  
  182  16:45  Marine x9  
  180  16:50  Marine  
  180  16:52  Marine  
  180  16:53  Command Center  
  185  16:54  Command Center  
  185  16:56  Marine  
  186  17:02  Marine  
  186  17:08  Marine  
  178  17:09  Marine x8  
  178  17:11  Medivac x2  
  185  17:17  Siege Tank, Sensor Tower  
  185  17:18  Siege Tank  
  191  17:23  Marine  
  191  17:24  Marine x5  
  191  17:29  Neosteel Armor  
  197  17:40  Liberator  
  200  17:53  Command Center  
  200  18:00  Sensor Tower  
  200  18:03  Command Center  
  200  18:11  Command Center  
  200  18:22  Barracks  
  200  18:24  Barracks  
  200  18:25  Marine, Barracks  
  200  18:26  Marine x4  
  198  18:27  Siege Tank  
  198  18:28  Orbital Command x2  
  198  18:32  Marine  
  198  18:33  Marine x3  
  198  18:34  Medivac x2  
  152  18:37  Marine, Siege Tank  
  152  18:38  Marine x6  
  160  18:43  Marine  
  160  18:44  Marine x2  
  163  18:49  Planetary Fortress  
  163  18:57  Marine, Missile Turret  
  163  18:58  Marine x4  
  163  18:59  Marine x6, Siege Tank  
  177  19:04  Medivac x2  
  177  19:09  Siege Tank  
  184  19:12  Barracks Reactor x3  
  184  19:13  Marine  
  185  19:18  Terran Vehicle Weapons Level 3  
  185  19:26  Missile Turret  
  185  19:33  Liberator  
  185  19:34  Liberator  
  191  19:43  Orbital Command  
  191  19:44  Orbital Command, Missile Turret  
  191  19:45  Missile Turret  
  191  19:46  Missile Turret  
  191  19:51  Siege Tank x2  
  197  19:57  Planetary Fortress  
  197  20:16  Liberator  
  197  20:23  Siege Tank  
  196  20:51  Siege Tank  
  196  20:52  Command Center  
  196  20:54  Marine x3, Command Center  
  196  20:55  Marine, Command Center  
  200  20:57  Marine  
  200  20:58  Marine x5  
  200  21:00  Marine  
  200  21:01  Marine  
  200  21:02  Marine x2  
  197  21:06  Marine x5  
  197  21:09  Siege Tank  
  200  21:24  Siege Tank  
  200  21:38  Marine x10  
  200  21:46  Marine  
  197  21:50  Marine x4, Orbital Command  
  197  21:51  Hi-Sec Auto Tracking  
  198  21:58  Siege Tank  
  198  22:00  Marine  
  198  22:01  Marine, Medivac  
  177  22:02  Marine x2, Medivac  
  177  22:03  Marine x3  
  177  22:04  Marine x3  
  177  22:05  Marine x8, Siege Tank  
  177  22:08  Marine x3  
  189  22:16  Marine  
  189  22:18  Marine  
  189  22:21  Missile Turret  
  191  22:23  Command Center  
  191  22:25  Missile Turret x2  
  191  22:26  Marine x9, Starport  
  191  22:27  Starport  
  200  22:32  Refinery x2, Command Center  
  200  22:33  Command Center  
  198  23:06  Marine  
  198  23:11  Marine  
  198  23:12  Marine x5  
  186  23:17  Marine  
  186  23:18  Marine x2  
  186  23:19  Marine  
  165  23:20  Marine x4  
  165  23:21  Marine x6, Siege Tank  
  165  23:22  Marine  
  165  23:24  Marine  
  165  23:25  Medivac x2  
  169  23:29  Marine  
  169  23:30  Marine x5  
  169  23:31  Siege Tank  
  178  23:34  Orbital Command x2  
  178  23:35  Marine, Orbital Command  
  178  23:36  Marine x2  
  178  23:37  Marine  
  178  23:38  Marine x6, Medivac x2  
  178  23:41  Marine  
  187  23:42  Marine  
  187  23:45  Marine x2  
  187  23:47  Marine x7  
  187  23:48  Marine  
  180  23:53  Marine, Orbital Command, Siege Tank  
  180  23:54  Marine x2  
  180  23:55  Marine x3, Liberator x2  
  190  23:56  Marine x4, Refinery  
  200  24:12  Planetary Fortress, Orbital Command  
  199  24:27  Marine  
  200  24:33  Marine  
  200  24:37  Marine  
  200  24:38  Marine, Medivac x2  
  188  24:39  Marine  
  188  24:40  Marine  
  188  24:41  Marine, Medivac x2  
  188  24:42  Marine x9  
  188  24:45  Marine  
  194  24:47  Marine x6  
  194  24:51  Marine  
  193  24:55  Marine x2  
  193  24:57  Marine, Siege Tank  
  193  24:58  Marine  
  193  24:59  Marine x3  
  188  25:00  Marine x7  
  188  25:03  Marine  
  188  25:04  Marine  
  188  25:05  Marine x5  
  185  25:09  Marine  
  185  25:13  Marine x2  
  163  25:15  Marine  
  163  25:16  Marine  
  163  25:17  Marine x8  
  163  25:18  Marine x2  
  163  25:19  Siege Tank  
  163  25:21  Marine  
  172  25:22  Marine x4  
  172  25:23  Marine x2  
  172  25:26  Marine  
  177  25:31  Marine x2  
  177  25:33  Marine  
  177  25:34  Marine, Siege Tank  
  177  25:35  Marine x10  
  176  25:39  Marine  
  176  25:40  Marine x4  
  176  25:41  Marine  
  191  25:44  Marine x2  
  191  25:49  Marine x2  
  195  25:51  Marine x2  
  195  25:52  Liberator  
  200  26:12  Medivac  
  200  26:13  Medivac  
  195  26:24  Marine x12  
  195  26:25  Marine x8  
  192  26:26  Marine x2  
  192  26:29  Siege Tank  
  149  26:41  Marine  
  149  26:42  Marine x11  
  149  26:43  Marine x8  
  149  26:44  Marine x2  
  169  26:48  Medivac  
  169  26:52  Unknown  
  168  26:57  Siege Tank  
  168  26:59  Marine x3  
  168  27:00  Marine x10  
  168  27:01  Marine x7  
  185  27:02  Marine x2  
  193  27:12  Siege Tank  
  180  27:17  Marine x9  
  180  27:18  Marine x4  
  180  27:19  Marine x8  
  180  27:20  Marine  
  192  27:28  Medivac x2  
  196  27:35  Marine x4  
  200  27:37  Marine x3  
  195  27:44  Siege Tank  
  195  27:45  Marine  
  195  27:46  Marine x4  
  195  27:47  Marine  
  195  27:50  Marine x9  
  195  27:52  Medivac x2  
  195  27:53  Marine  
  198  28:11  Marine x2  
  185  28:13  Marine x8  
  185  28:19  Marine, Siege Tank  
  195  28:20  Marine x4  
  200  28:55  Siege Tank  
  197  28:57  Siege Tank  
  197  28:58  Marine  
  197  28:59  Marine x2  
  197  29:00  Marine x10  
  191  29:03  Marine x3  
  191  29:04  Marine  
  191  29:05  Marine  
  191  29:06  Marine  
  191  29:07  Marine x3  
  195  29:27  Siege Tank  
  195  29:29  Marine, Siege Tank  
  195  29:30  Marine x5  
  188  29:31  Marine  
  188  29:32  Marine x8  
  188  29:34  Marine x2  
  188  29:36  Marine  
  184  29:43  Marine  
  184  29:44  Marine  
  184  29:45  Marine  
  162  29:46  Marine x2  
  162  29:48  Marine x2  
  162  29:49  Marine x4  
  162  29:50  Marine x8  
  162  29:51  Medivac x2  
  162  29:52  Marine x2  
  181  29:54  Marine  
  181  29:58  Orbital Command  
  181  29:59  Siege Tank  
  181  30:01  Siege Tank  
  181  30:06  Marine  
  185  30:10  Marine x2  
  185  30:11  Marine x11  
  185  30:12  Marine  
  199  30:26  Marine x3  
  180  30:31  Siege Tank  
  180  30:34  Siege Tank  
  155  30:46  Marine x2  
  155  30:47  Marine x2  
  155  30:48  Marine x12  
  155  30:49  Marine  
  144  30:50  Marine x2  
  144  30:52  Marine  
  144  30:53  Marine  
  144  30:54  Marine  
  147  31:03  Marine, Siege Tank  
  151  31:04  Marine  
  151  31:05  Marine x5  
  151  31:06  Liberator x2, Siege Tank  
  151  31:10  Marine  
  162  31:14  Marine  
  162  31:16  Marine  
  162  31:18  Marine  
  138  31:23  Marine x5  
  131  31:28  Marine x2  
  131  31:29  Marine x2  
  128  31:35  Siege Tank  
  128  31:36  Marine  
  128  31:37  Marine x4  
  128  31:38  Siege Tank  
  139  31:43  Orbital Command  
  268  31:47  Medivac x2  
  143  32:01  Marine x4  
  140  32:05  Marine  
  140  32:08  Siege Tank  
  145  32:09  Marine  
  145  32:14  Marine  
  141  32:26  Marine x5, Medivac  
  141  32:27  Marine  
  131  32:31  Marine x2  
  121  32:39  Marine x4  
  121  32:41  Marine x2  
  121  32:43  Marine  
  122  32:48  Marine  
  122  32:53  Marine x4  
  121  33:00  Marine  
  121  33:02  Marine x4  
  121  33:03  Marine x2  
  116  33:21  Siege Tank  
  116  33:25  Siege Tank  
  118  33:41  Marine x15  
  108  33:42  Marine x2  
  108  33:46  Marine  
  108  33:48  Marine  
  121  33:52  Marine  
  121  33:53  Siege Tank  
  118  34:19  Marine  
  118  34:20  Marine  
  118  34:22  Marine  
  118  34:24  Marine x2  
  94  34:25  Marine x2  
  94  34:30  Marine  
  92  34:32  Marine  
  84  34:42  Marine  
  84  34:43  Marine  
Tags
 
Add a new tag
Caveats
  • Supply blocks, unpowered buildings, or Contaminate may cause inaccurate times.
  • Supply counts are checked every 10 seconds.